 Dungeon Crawl Stone Soup version 5.6-49-g8abd877 (webtiles) character file.

2206 flotson the Infuser (level 10, 0/67 HPs)
             Began as a Demonspawn Skald on Oct 29, 2018.
             Was a Believer of Nemelex Xobeh.
             Hit by a large rock thrown by a cyclops (29 damage)
             ... on level 9 of the Dungeon.
             The game lasted 00:15:19 (7321 turns).

flotson the Infuser (Demonspawn Skald)              Turns: 7321, Time: 00:15:20

Health: 0/67       AC: 10 (14%)Str:  8  XL:     10   Next: 59%
Magic:  0/12       EV: 11    Int: 21    God:    Nemelex Xobeh [2*[55]]
Gold:   505        SH:  6    Dex: 18    Spells: 4/19 levels left

rFire    + . .     SeeInvis .   v - +1 trident (devast)
rCold    . . .     Faith    .   (no shield)
rNeg     . . .     Spirit   +   b - +0 leather armour
rPois    .         Reflect  .   B - +2 hat {Spirit}
rElec    .                      (no cloak)
rCorr    +                      (no gloves)
MR       .....                  (no boots)
Stlth    +.........             (no amulet)
Regen    0.8/turn               F - ring of fire
MPRegen  0.2/turn               A - ring of resist corrosion

@: regenerating
A: beak, hooves 1, large bone plates 2, agile, clever, icemail 1, screaming 1,
weak, frozen heart
a: End Regeneration, Stop Singing, End Infusion, Renounce Religion


You were on level 9 of the Dungeon.
You worshipped Nemelex Xobeh.
Nemelex Xobeh was pleased with you.
You were not hungry.

You visited 1 branch of the dungeon, and saw 9 of its levels.
You also visited: Sewer.

You collected 505 gold pieces.

Inventory:

Hand Weapons
 v - a +1 trident of devastation (weapon)
 C - a +0 war axe of electrocution
 E - a +3 trident
Missiles
 g - 103 poisoned darts (quivered)
 i - 171 tomahawks
 m - 9 frenzy darts
 H - 78 poisoned tomahawks
Armour
 b - a +0 leather armour (worn)
 s - a +0 buckler
 B - a +2 hat of spirit shield (worn)
Jewellery
 l - a +5 ring of dexterity
 A - a ring of resist corrosion (right hand)
 F - a ring of fire (left hand)
 G - a +5 ring of dexterity
 K - an uncursed ring of fire
Wands
 u - a wand of slimification (8)
 y - a wand of flame (20)
 D - a wand of iceblast (6)
 I - a wand of lightning (7)
Scrolls
 a - 5 scrolls of immolation
 d - 6 scrolls of blinking
 e - 4 scrolls of enchant armour
 f - 2 scrolls of enchant weapon
 h - 2 scrolls of amnesia
 j - 3 scrolls of fear
 k - 5 scrolls of teleportation
 w - 3 scrolls of fog
 x - a scroll of acquirement
Potions
 c - 6 potions of resistance
 n - a potion of magic
 o - a potion of heal wounds
 p - a potion of invisibility
 q - a potion of berserk rage
 r - 4 potions of lignification
 t - 8 potions of flight
Miscellaneous
 z - an ornate deck of destruction {cards: 16} {!d}
 J - an ornate deck of escape {cards: 7} {!d}


   Skills:
 - Level 2.0 Fighting
 + Level 10.5 Polearms
 - Level 0.8 Armour
 - Level 0.8 Dodging
 + Level 11.0 Charms


You had 4 spell levels left.
You knew the following spells:

 Your Spells              Type           Power        Failure   Level  Hunger
a - Infusion              Chrm           25 (25)      1%          1    N/A
b - Song of Slaying       Chrm           46 (100)     1%          2    N/A
c - Regeneration          Chrm/Necr      23 (200)     8%          3    N/A
d - Ozocubu's Armour      Chrm/Ice       34 (100)     26%         4    N/A
e - Spectral Weapon       Chrm/Summ      23 (100)     58%         5    N/A

Your spell library contained the following spells:

 Spells                   Type           Power        Failure   Level  Hunger
 Passwall                 Tmut/Erth      0 (200)      36%         2    N/A
 Lee's Rapid Deconstruct  Erth           0 (200)      100%        5    N/A
 Sandblast                Erth           0 (25)       26%         1    N/A
 Petrify                  Tmut/Erth      0 (100)      94%         4    N/A
 Force Lance              Tloc/Erth      0 (100)      58%         3    N/A

Dungeon Overview and Level Annotations

Branches:
Dungeon (9/15)

Altars:
Cheibriados
Dithmenos
Elyvilon
Gozag
Jiyva
Kikubaaqudgha
Lugonu
Makhleb
Nemelex Xobeh
Okawaru
Qazlal
Ru
Sif Muna
Trog
Uskayaw
Vehumet
Wu Jian
Xom
Yredelemnul
Zin
The Shining One


Innate Abilities, Weirdness & Mutations

You have large cloven feet.
You are mostly covered in large bone plates. (SH +6)
A meltable icy envelope protects you from harm. (AC +5)
Your frozen heart empowers your ice magic.
You have a beak for a mouth.
You are agile. (Dex +5)
Your mind is acute. (Int +5)
You occasionally shout uncontrollably at your foes.
You are weak. (Str -5)


Message History

The wight misses you.
You closely miss the wight. Your kick misses the wight.
The wight is moderately damaged.
The wight hits you but does no damage.
You hit the wight (7)!
The blow is devastating (4)!
You destroy the wight!
The cyclops throws a large rock.
The large rock hits you (37)!!!
Things that are here:
a +3 battleaxe; a +3 rapier of freezing; a +3 double sword You are too injured to fight recklessly!
The cyclops throws a large rock.
You block the large rock.
The cyclops throws a large rock.
The large rock hits you but does no damage.
The cyclops throws a large rock.
The large rock hits you (39)!!!
Ouch! That really hurt!
* * * LOW HITPOINT WARNING * * *
You feel much better.
The cyclops throws a large rock.
The large rock hits you (29)!!
You die...
Your body glows slightly and disappears.

###.........###......#
#.....
#.......>..#########
#####' ###...####.##
#... #.).z..z[...#
#.## #.####+####z# #.#
##.# #.# #.# #..# #.#
##'## #.z#
#.###############....
##(.#
#.C.@...).......'....
##z.#
#..##############....
##..####+ #..# #....
.......#$# ....# #....
##.....###.....# #....
#####.....##### #....
##### #####


You could see a cyclops.

Vanquished Creatures
  A troll (D:9)
  3 blink frogs (D:7)
  2 wyverns (D:9)
  Eustachio (D:6)
  An angry ghost (D:9)
  A steam dragon (D:8)
  Edmund (D:6)
  2 water moccasins
  A spiny frog skeleton (D:8)
  2 orc warriors
  3 black bears (D:9)
  2 ice beasts
  A wasp (D:9)
  3 ogres
  3 centaurs
  A blink frog skeleton (D:8)
  3 bullfrogs
  A gnoll sergeant (D:6)
  3 wyvern zombies
  2 wyvern skeletons
  4 scorpions
  5 crimson imps
  15 wights
  3 howler monkeys
  3 centaur skeletons
  2 hounds
  4 jellies
  6 orc wizards
  3 bullfrog skeletons
  5 orc priests
  6 worker ants
  2 iguanas
  A worker ant zombie (D:5)
  7 gnolls
  A howler monkey skeleton (D:5)
  12 adders
  A shadow imp (D:8)
  10 oozes
  5 dart slugs
  24 orcs
  8 quokkas
  5 ball pythons
  7 giant cockroaches
  2 gnoll zombies (D:5)
  8 goblins
  6 hobgoblins
  16 jackals
  5 kobolds
  13 bats
  10 frilled lizards
  11 rats
247 creatures vanquished.

Vanquished Creatures (others)
  A quasit (D:8)
1 creature vanquished.

Grand Total: 248 creatures vanquished

Notes
Turn   | Place    | Note
-------+----------+-------------------------------------------
     0 | D:1      | flotson the Demonspawn Skald began the quest for the Orb.
     0 | D:1      | Reached XP level 1. HP: 16/16 MP: 2/2
   342 | D:1      | Gained mutation: A meltable icy envelope protects you from harm. (AC +5) [demonic ancestry]
   342 | D:1      | Reached XP level 2. HP: 22/22 MP: 0/2
   361 | D:1      | Learned a level 2 spell: Song of Slaying
   518 | D:1      | Reached skill level 4 in Charms
   799 | D:1      | Gained mutation: You occasionally shout uncontrollably at your foes. [mutagenic hatch]
   853 | D:2      | Reached XP level 3. HP: 17/27 MP: 2/2
   929 | D:2      | Learned a level 3 spell: Regeneration
  1074 | D:2      | Reached XP level 4. HP: 29/33 MP: 0/4
  1224 | D:2      | Found a sacrificial altar of Ru.
  1400 | D:2      | Gained mutation: You have a beak for a mouth. [mutagenic hatch]
  1416 | D:3      | Found a radiant altar of Vehumet.
  1548 | D:3      | Gained mutation: Your frozen heart empowers your ice magic. [demonic ancestry]
  1548 | D:3      | Reached XP level 5. HP: 36/38 MP: 1/5
  1731 | D:3      | Reached skill level 5 in Charms
  2296 | D:4      | Noticed an ogre
  2300 | D:4      | Killed an ogre
  2300 | D:4      | Reached XP level 6. HP: 44/44 MP: 1/7
  2397 | D:4      | Found a burning altar of Makhleb.
  2475 | D:4      | Found a glowing golden altar of the Shining One.
  2503 | D:4      | Reached skill level 5 in Polearms
  2503 | D:4      | Reached skill level 6 in Charms
  2547 | D:4      | Reached XP level 7. HP: 41/50 MP: 6/8
  2548 | D:4      | Found a snail-covered altar of Cheibriados.
  2581 | D:4      | Found a stormy altar of Qazlal.
  2607 | D:4      | Found a shadowy altar of Dithmenos.
  2831 | D:5      | Entered Level 5 of the Dungeon
  2857 | D:5      | Found an ornate altar of the Wu Jian Council.
  3036 | D:5      | Found a basalt altar of Yredelemnul.
  3537 | D:5      | Reached skill level 7 in Charms
  3544 | D:5      | Learned a level 4 spell: Ozocubu's Armour
  3636 | D:5      | Gained mutation: You have large cloven feet. [demonic ancestry]
  3636 | D:5      | Reached XP level 8. HP: 55/56 MP: 0/5
  3678 | D:5      | Found a viscous altar of Jiyva.
  3867 | D:5      | Gained mutation: You are agile. (Dex +5) [mutagenic hatch]
  3874 | D:6      | Noticed Eustachio
  3877 | D:6      | Noticed Edmund
  3885 | D:6      | Killed Eustachio
  3892 | D:6      | Killed Edmund
  3950 | D:6      | Found a glowing silver altar of Zin.
  3970 | D:6      | Reached skill level 8 in Charms
  4288 | D:6      | Found a basalt altar of Yredelemnul.
  4368 | D:6      | Found a glowing drain.
  4376 | Sewer    | Entered a sewer
  5179 | D:6      | Found a bloodstained altar of Trog.
  5181 | D:6      | Found a hide-covered altar of Uskayaw.
  5183 | D:6      | Found a deep blue altar of Sif Muna.
  5184 | D:6      | Found a sparkling altar of Nemelex Xobeh.
  5184 | D:6      | Found a sacrificial altar of Ru.
  5184 | D:6      | Found a white marble altar of Elyvilon.
  5185 | D:6      | Found an iron altar of Okawaru.
  5187 | D:6      | Found an opulent altar of Gozag.
  5188 | D:6      | Found an ancient bone altar of Kikubaaqudgha.
  5189 | D:6      | Found a shimmering altar of Xom.
  5336 | D:6      | Became a worshipper of Nemelex Xobeh the Trickster
  5353 | D:7      | Received a gift from Nemelex Xobeh
  5411 | D:7      | Gained mutation: You are partially covered in large bone plates. (SH +4) [demonic ancestry]
  5411 | D:7      | Reached XP level 9. HP: 54/61 MP: 0/8
  5534 | D:7      | Reached skill level 9 in Charms
  5737 | D:7      | Found a corrupted altar of Lugonu.
  5834 | D:7      | Reached * piety under Nemelex Xobeh
  6058 | D:7      | Learned a level 5 spell: Spectral Weapon
  6096 | D:7      | Gained mutation: You are weak. (Str -5) [mutagenic hatch]
  6194 | D:8      | Reached skill level 10 in Charms
  6293 | D:8      | Gained mutation: You are mostly covered in large bone plates. (SH +6) [demonic ancestry]
  6293 | D:8      | Reached XP level 10. HP: 67/67 MP: 7/9
  6348 | D:8      | Received a gift from Nemelex Xobeh
  6803 | D:8      | Gained mutation: Your mind is acute. (Int +5) [mutagenic hatch]
  6880 | D:9      | Reached skill level 10 in Polearms
  6948 | D:9      | Reached ** piety under Nemelex Xobeh
  6993 | D:9      | Received a gift from Nemelex Xobeh
  7260 | D:9      | Noticed a cyclops
  7307 | D:9      | Reached skill level 11 in Charms
  7320 | D:9      | HP: 2/67 [cyclops/large rock (34)]
  7321 | D:9      | Hit by a large rock thrown by a cyclops

Skill      XL: |  1  2  3  4  5  6  7  8  9 10 |
---------------+-------------------------------+-----
Polearms       | 2 3 4 5 6 7 9 10 | 10.5
Charms         | 4 5 6 7 8 10 11 | 11.0
Fighting       | |  2.0
Armour         | |  0.8
Dodging        | |  0.8

Action                   |  1- 3 |  4- 6 |  7- 9 | 10-12 || total
-------------------------+-------+-------+-------+-------++-------
Melee: Spear             |   118 |    65 |       |       ||   183
       Trident           |       |    87 |   172 |   111 ||   370
       Peck              |       |     9 |    43 |    14 ||    66
       Hand axe          |       |       |   103 |       ||   103
       Kick              |       |       |    45 |    22 ||    67
 Cast: Infusion          |     1 |       |       |       ||     1
       Song of Slaying   |     1 |       |       |       ||     1
       Regeneration      |       |       |     1 |       ||     1
Evoke: Deck              |       |       |       |     1 ||     1
  Use: Potion            |       |       |       |     1 ||     1
 Stab: Sleeping          |       |     1 |     3 |       ||     4
Armor: Leather armour    |    38 |    60 |   103 |    42 ||   243
Dodge: Dodged            |    50 |    78 |   142 |    59 ||   329
Block: Other             |       |       |    17 |    25 ||    42
